 Dungeon Crawl Stone Soup version 0.28.0 (webtiles) character file.

Game seed: 16920496386386368132

5 browni3141 the Chopper (level 1, -1/20 HPs)
             Began as a Minotaur Berserker on Feb 17, 2022.
             Was a Follower of Trog.
             Slain by a jackal (2 damage)
             ... on level 1 of the Dungeon.
             The game lasted 00:00:05 (241 turns).

browni3141 the Chopper (Minotaur Berserker)          Turns: 241, Time: 00:00:05

Health: -1/20      AC:  2    Str: 21    XL:     1   Next: 66%
Magic:  0/0        EV:  9    Int:  4    God:    Trog [*.....]
Gold:   3          SH:  0    Dex:  9    Spells: 0/0 levels left

rFire   . . .      SeeInvis .   a - +0 hand axe
rCold   . . .      Faith    .   (no shield)
rNeg    . . .      Spirit   .   b - +0 animal skin
rPois   .          Reflect  .   (helmet restricted)
rElec   .          Harm     .   (no cloak)
rCorr   .          Rampage  .   (no gloves)
Will    .....                   (no boots)
Stlth   +.........              (no amulet)
HPRegen 0.06/turn               (no ring)
MPRegen 0.07/turn               (no ring)

@: constricted
A: horns 2, retaliatory headbutt
a: Renounce Religion, Berserk


You were on level 1 of the Dungeon.
You worshipped Trog.
Trog was aware of your devotion.
You visited 1 branch of the dungeon, and saw 1 of its levels.

You collected 3 gold pieces.


Innate Abilities, Weirdness & Mutations

You have a pair of horns on your head.
You reflexively headbutt those who attack you in melee.


   Skills:
 + Level 3.7 Fighting
 * Level 3.9 Axes
 + Level 2.6 Armour
 - Level 2.1 Dodging


You couldn't memorise any spells.
You didn't know any spells.
Your spell library was empty.

Inventory:

Hand Weapons
 a - a +0 hand axe (weapon)
Armour
 b - a +0 animal skin (worn)
 d - a +0 pair of gloves
Scrolls
 e - a scroll of teleportation {unknown}
Potions
 c - a potion of curing {unknown}

Dungeon Overview and Level Annotations

Branches:
Dungeon (1/15)

Altars:

#.#.........# .#.........#
######## ..........+
........ # #.........##
########
##.#..........##########
........................
#..hhS.#.....##'##...
#.##@###.....#...#...
#.##...#...###.⌠.###.
#.####.#...#.......#.
###.####.#..)#.⌠.<.⌠.#.
......#.....#.......#.
####.##.#.#...###.⌠.###.
#.........#.....#...#...
......#.##.#.#.....##+##...
#######.##.#.#.......... ..


You could see 2 jackals and a ball python.


Message History

You hit the jackal but do no damage.
The jackal is almost dead.
You barely miss the ball python. You closely miss the jackal.
The jackal closely misses you. The ball python bites you.
* * * LOW HITPOINT WARNING * * *
The ball python grabs you. The ball python constricts you.
The jackal bites you but does no damage.
The jackal bites you.
* * * LOW HITPOINT WARNING * * *
You closely miss the jackal. You headbutt the jackal.
The jackal is heavily wounded.
You hit the ball python but do no damage.
You closely miss the jackal. The ball python bites you.
* * * LOW HITPOINT WARNING * * *
The ball python constricts you. The jackal bites you.
* * * LOW HITPOINT WARNING * * *
The jackal misses you.
The ball python bites you but does no damage.
The ball python constricts you. The jackal barely misses you.
There are monsters nearby!
You are too injured to fight recklessly!
There are monsters nearby!
You closely miss the jackal.
The jackal is heavily wounded.
You barely miss the ball python. You barely miss the jackal.
The jackal completely misses you. The jackal barely misses you.
The ball python bites you.
* * * LOW HITPOINT WARNING * * *
The ball python constricts you. The jackal bites you.
You die...

Action                   || total
-------------------------++-------
Melee: Hand axe          ||    13
       Headbutt          ||     2
Armor: Animal skin       ||     6
Dodge: Dodged            ||    12

Levels and vault maps discovered:
D:1:      dpeg_arrival_simpleton_c, layout_basic

Notes
Turn   | Place    | Note
-------+----------+-------------------------------------------
     0 | D:1      | browni3141 the Minotaur Berserker began the quest for the
                  | Orb.
     0 | D:1      | Reached XP level 1. HP: 19/19 MP: 0/0
   241 | D:1      | HP: 1/20 [ball python (2)]
   241 | D:1      | Slain by a jackal

Vanquished Creatures
  A ball python (D:1)
  2 jackals (D:1)
  2 frilled lizards (D:1)
5 creatures vanquished.

Table legend: (Time is in decaauts)
 A = Elapsed time spent in this place.
 B = Non-inter-level travel time spent in this place.
 C = Inter-level travel time spent in this place.
 D = Time resting spent in this place.
 E = Time spent auto-exploring this place.
 F = Levels seen in this place.
 G = Mean time per level.
                   A        B        C        D        E       F      G
               +--------+--------+--------+--------+--------+-----+--------+
         Total |    242 |    242 |      0 |      0 |    203 |   1 |  242.0 |
       Dungeon |    242 |    242 |      0 |      0 |    203 |   1 |  242.0 |
               +--------+--------+--------+--------+--------+-----+--------+

Top non-repeatable levels by time:
     D:1: 242 daAuts

Table legend:
 A = Non-vault XP
 B = Vault XP
 C = Vault XP percentage of total XP
 D = Non-vault monster count
 E = Vault monster count
 F = Vault count percentage of total count
                 A         B        C        D         E       F
            +---------+---------+-------+---------+---------+-------
      Total |       8 |       0 |   0.0 |       5 |       0 |   0.0
            +---------+---------+-------+---------+---------+-------
        D:1 |       8 |       0 |   0.0 |       5 |       0 |   0.0
            +---------+---------+-------+---------+---------+-------
